 Dungeon Crawl Stone Soup version 0.27.0-1-g7a089689b8 (webtiles) character file.

Game seed: 4190595895858576778

343 Conn the Insei (level 6, -4/30 HPs)
             Began as a Vine Stalker Transmuter on Aug 8, 2021.
             Slain by an orc warrior (14 damage)
             ... on level 5 of the Dungeon.
             The game lasted 00:11:37 (3275 turns).

Conn the Insei (Vine Stalker Transmuter)            Turns: 3275, Time: 00:11:38

Health: -4/30      AC:  3    Str: 12    XL:     6   Next: 57%
Magic:  0/12       EV: 12    Int: 15    God:
Gold:   124        SH:  0    Dex: 15    Spells: 9/12 levels left

rFire    . . .     SeeInvis .   l - +3 dagger (holy)
rCold    . . .     Faith    .   (no shield)
rNeg     . . .     Spirit   +   a - +0 robe
rPois    .         Reflect  .   (helmet currently unavailable)
rElec    .         Harm     .   f - +0 cloak
rCorr    .         Rampage  .   (no gloves)
Will     .....                  (boots currently unavailable)
Stlth    ++........             (no amulet)
HPRegen  1.10/turn              (no ring)
MPRegen  0.13/turn              (no ring)

@: appendages
A: horns 2, talons 2, fangs 2, regeneration 1, magic shield, antimagic bite, no
potion heal 2
a: End Transformation


You were on level 5 of the Dungeon.
You had temporarily grown beastly horns and talons.
You visited 1 branch of the dungeon, and saw 5 of its levels.

You collected 124 gold pieces.

Inventory:

Hand Weapons
 e - a +0 short sword
 i - a +0 dagger of venom
 l - a +3 dagger of holy wrath (weapon)
Armour
 a - a +0 robe (worn)
 f - a +0 cloak (worn)
Scrolls
 c - a scroll of identify
 d - 3 scrolls of blinking
 h - a scroll of enchant armour {unknown}
 j - 3 scrolls of fear {unknown}
 k - a scroll of fog {unknown}
Potions
 b - 2 potions of flight
 g - a potion of berserk rage {unknown}


   Skills:
 + Level 1.3 Fighting
 + Level 1.8 Short Blades
 + Level 2.6 Dodging
 + Level 2.2 Stealth
 + Level 3.8 Unarmed Combat
 + Level 3.8 Spellcasting
 + Level 3.3 Transmutations


You had 9 spell levels left.
You knew the following spells:

 Your Spells              Type           Power      Damage    Failure   Level
a - Beastly Appendage     Tmut           24%        N/A       4%          1
b - Wereblood             Tmut           12%        N/A       7%          2

Your spell library contained the following spells:

 Spells                   Type           Power      Damage    Failure   Level
 Passwall                 Tmut/Erth      5%         N/A       14%         2
 Animate Skeleton         Necr           4%         N/A       19%         1
 Pain                     Necr           8%         1d4       19%         1
 Sandblast                Erth           4%         2d4       19%         1
 Summon Small Mammal      Summ           8%         N/A       19%         1
 Ensorcelled Hibernation  Hex/Ice        4%         N/A       28%         2
 Spider Form              Tmut/Pois      3%         N/A       28%         3
 Call Canine Familiar     Summ           2%         N/A       50%         3
 Gell's Gravitas          Tloc           1%         N/A       50%         3
 Lesser Beckoning         Tloc           1%         N/A       50%         3
 Summon Guardian Golem    Hex/Summ       2%         N/A       50%         3
 Teleport Other           Tloc           2%         N/A       50%         3
 Vampiric Draining        Necr           1%         2d6       50%         3
 Ice Form                 Ice/Tmut       7%         N/A       67%         4
 Lee's Rapid Deconstruct  Erth           1%         3d5*      99%         5
 Shadow Creatures         Summ           N/A        N/A       100%        6


Dungeon Overview and Level Annotations

Branches:
Dungeon (5/15)
 Temple: D:4-7

Altars:
Gozag
Kikubaaqudgha
Ru
Yredelemnul
The Shining One

Shops:
D:1 *

Annotations:
D:3 Sigmund


Innate Abilities, Weirdness & Mutations

You have temporarily grown beastly horns and talons.
You have extremely sharp teeth.
Your natural rate of healing is unusually fast.
When hurt, damage is shared between your health and your magic reserves.
Your bite disrupts and absorbs the magic of your enemies.
Potions cannot restore your health.


Message History

Okay, then.
Unknown command.
Okay, then.
Unknown command.
Casting: Wereblood (safe; 7% risk of failure)
Confirm with . or Enter, or press ? or * to list all spells.
Okay, then.
Unknown command.
Unknown command.
Casting: Wereblood (safe; 7% risk of failure)
Confirm with . or Enter, or press ? or * to list all spells.
You grow a pair of large bovine horns.
Your feet morph into talons.
The orc warrior closely misses you.
You hit the orc warrior.
The orc warrior is heavily wounded.
You hit the orc warrior. Your kick misses the orc warrior.
The orc warrior is severely wounded.
The orc warrior barely misses you.
You hit the orc warrior but do no damage.
Your kick misses the orc warrior.
You bite the orc warrior, but do no damage.
The orc warrior is severely wounded.
The orc warrior closely misses you.
You hit the orc warrior. You headbutt the orc warrior.
Your bite misses the orc warrior.
The orc warrior is almost dead.
The orc warrior hits you with a +0 hand axe!
You barely miss the orc warrior. Your bite misses the orc warrior.
The orc warrior is almost dead.
The orc warrior barely misses you.
You barely miss the orc warrior.
You claw the orc warrior, but do no damage.
The orc warrior is almost dead.
The orc warrior hits you with a +0 hand axe!
* * * LOW HITPOINT WARNING * * *
You hit the orc warrior but do no damage.
Your kick misses the orc warrior. Your bite misses the orc warrior.
The orc warrior is almost dead.
The orc warrior hits you with a +0 hand axe!
You die...

#........# ####
#######.######.# #...
#.......######.###..#
#.##................#
#.##.#..######.###..#
#.##.#..........##...
#.##.#.#####.....#.##
#......# ##...##...
####@### ##.######
#o# #.# #.# #.# #.#
#+# ##.# #..# #..##
#######...#### ##
..>..........+ +.


You could see an orc warrior.

Vanquished Creatures
  Blork the orc (D:4)
  A bullfrog skeleton (D:4)
  2 orc priests
  An iguana (D:2)
  Terence (D:3)
  2 orc wizards (D:4)
  An adder (D:4)
  3 gnolls
  2 dart slugs
  8 orcs
  5 ball pythons
  6 bats
  5 endoplasms
  2 giant cockroaches
  A goblin (D:4)
  3 hobgoblins (D:1)
  2 quokkas
  4 kobolds
  2 rats
52 creatures vanquished.

Notes
Turn   | Place    | Note
-------+----------+-------------------------------------------
     0 | D:1      | Conn the Vine Stalker Transmuter began the quest for the
                  | Orb.
     0 | D:1      | Reached XP level 1. HP: 9/9 MP: 4/4
   377 | D:1      | Found a faded altar of an unknown god.
   399 | D:1      | Reached XP level 2. HP: 14/14 MP: 4/6
   441 | D:1      | Learned a level 2 spell: Wereblood
   664 | D:1      | Found Vieteope's General Store.
  1145 | D:2      | Reached XP level 3. HP: 17/17 MP: 5/7
  1496 | D:2      | Reached skill level 1 in Fighting
  1538 | D:2      | Found a basalt altar of Yredelemnul.
  2027 | D:2      | Gained mutation: Your natural rate of healing is unusually
                  | fast. [Vine Stalker growth]
  2027 | D:2      | Reached XP level 4. HP: 20/22 MP: 6/9
  2324 | D:3      | Noticed Terence
  2344 | D:3      | Killed Terence
  2410 | D:3      | Noticed Sigmund
  2429 | D:3      | Reached skill level 1 in Stealth
  2436 | D:4      | Reached XP level 5. HP: 25/25 MP: 10/10
  2468 | D:4      | Found a glowing golden altar of the Shining One.
  2468 | D:4      | Found an ancient bone altar of Kikubaaqudgha.
  2475 | D:4      | Found a faded altar of an unknown god.
  2477 | D:4      | Found an opulent altar of Gozag.
  2479 | D:4      | Found a faded altar of an unknown god.
  2557 | D:4      | Reached skill level 1 in Short Blades
  2579 | D:4      | Noticed Blork the orc
  2588 | D:4      | Killed Blork the orc
  2714 | D:4      | Found a sacrificial altar of Ru.
  2874 | D:4      | Reached XP level 6. HP: 20/30 MP: 7/12
  3127 | D:5      | Entered Level 5 of the Dungeon
  3231 | D:5      | Noticed an orc warrior
  3275 | D:5      | Slain by an orc warrior

Illustrated notes

Levels and vault maps discovered:
D:1:      wander_arrival_chamber, layout_loops_ring,
          dreamdust_ecumenical_altar_statues, serial_shops, shop
D:2:      layout_loops_corners, basic_altar, minmay_pentomino_pile
D:3:      layout_basic, uniq_terence, uniq_sigmund
D:4:      layout_loops_ring, chequers_temple_overflow_minitemple,
          nicolae_ru_awakened_eye, uniq_blork_the_orc
D:5:      layout_loops_corners, lemuel_tele_altar, brannock_xom_greatest_gift,
          gup_sewer_entry_glass, minmay_increasing_density, uniq_grinder

Skill      XL: |  1  2  3  4  5 |
---------------+----------------+-----
Dodging        | 2 |  2.6
Fighting       | 1 |  1.3
Stealth        | 1 2 |  2.2
Spellcasting   | 3 |  3.8
Short Blades   | 1 |  1.8
Transmutations | 3 |  3.3
Unarmed Combat | |  3.8

Action                   |  1- 3 |  4- 6 || total
-------------------------+-------+-------++-------
Melee: Unarmed           |    14 |       ||    14
       Bite              |    11 |    26 ||    37
       Headbutt          |     7 |    17 ||    24
       Kick              |     7 |    22 ||    29
       Short sword       |    44 |       ||    44
       Dagger            |       |   100 ||   100
       Punch             |       |     2 ||     2
 Cast: Beastly Appendage |    14 |    11 ||    25
       Wereblood         |       |     5 ||     5
  Use: Scroll            |     2 |     3 ||     5
 Stab: Sleeping          |       |     1 ||     1
Armor: Robe              |    24 |    16 ||    40
Dodge: Dodged            |    43 |    42 ||    85
